 Dungeon Crawl Stone Soup version 0.28.0 (webtiles) character file.

Game seed: 18042574552401486349

419 danielguo94 the Cudgeller (level 6, 0/38 HPs)
             Began as a Gargoyle Fighter on Feb 7, 2022.
             Slain by Duvessa (13 damage)
             ... on level 4 of the Dungeon.
             The game lasted 00:03:40 (3837 turns).

danielguo94 the Cudgeller (Gargoyle Fighter)        Turns: 3837, Time: 00:03:40

Health: 0/38       AC: 14    Str: 21    XL:     6   Next: 93%
Magic:  6/6        EV:  9    Int:  9    God:
Gold:   114        SH:  4    Dex:  9    Spells: 5/5 levels left

rFire   . . .      SeeInvis .   a - +0 flail
rCold   . . .      Faith    .   c - +0 buckler
rNeg    + . .      Spirit   .   b - +0 scale mail
rPois   ∞          Reflect  .   h - +1 helmet
rElec   +          Harm     .   (no cloak)
rCorr   .          Rampage  .   (no gloves)
Will    .....                   x - +0 pair of boots
Stlth   ..........              (no amulet)
HPRegen 0.12/turn               (no ring)
MPRegen 0.10/turn               (no ring)

@: mighty
A: sickness immunity, AC +4, negative energy resistance 1, electricity
resistance, torment resistance 1, petrification resistance
a: no special abilities


You were on level 4 of the Dungeon.
You visited 1 branch of the dungeon, and saw 4 of its levels.

You collected 196 gold pieces.
You spent 82 gold pieces at shops.

Inventory:

Hand Weapons
 a - a +0 flail (weapon)
Missiles
 e - 95 stones (quivered)
 u - 5 poisoned darts
 y - 2 boomerangs
Armour
 b - a +0 scale mail (worn)
 c - a +0 buckler (worn)
 h - a +1 helmet (worn)
 x - a +0 pair of boots (worn)
Jewellery
 g - a ring of fire
Wands
 j - a wand of iceblast (6)
Scrolls
 i - a scroll of immolation {unknown}
 k - 3 scrolls of teleportation {unknown}
 n - a scroll of magic mapping {unknown}
 o - 2 scrolls of enchant weapon {unknown}
 p - a scroll of enchant armour {unknown}
 q - a scroll of silence
 r - 2 scrolls of vulnerability {unknown}
 s - a scroll of acquirement {unknown}
 t - a scroll of fear {unknown}
 v - a scroll of brand weapon {unknown}
 z - 2 scrolls of identify {unknown}
 A - a scroll of blinking {unknown}
Potions
 f - a potion of degeneration {unknown}
 l - 2 potions of haste {unknown}
 m - a potion of curing {unknown}
 w - a potion of brilliance {unknown}


   Skills:
 + Level 4.1 Fighting
 * Level 5.6 Maces & Flails
 + Level 4.1 Armour
 + Level 1.3 Dodging
 + Level 3.9 Shields


You had 5 spell levels left.
You didn't know any spells.
Your spell library contained the following spells:

 Spells                   Type           Power      Damage    Failure   Level
 Corpse Rot               Necr/Air       0%         N/A       91%         2
 Inner Flame              Hex/Fire       0%         N/A       99%         3
 Cause Fear               Hex            0%         N/A       100%        4
 Dispel Undead            Necr           0%         3d6       100%        4
 Death Channel            Necr           0%         N/A       100%        6
 Discord                  Hex            0%         N/A       100%        8


Dungeon Overview and Level Annotations

Branches:
Dungeon (4/15)
 Temple: D:4-7

Altars:
Elyvilon

Shops:
D:2 *

Annotations:
D:4 1 runed translucent door, Crazy Yiuf, Dowan, Duvessa


Innate Abilities, Weirdness & Mutations

You are immune to sickness and miasma.
Your stone body is resilient. (AC +4)
You are immune to poison.
You resist negative energy. (rN+)
You are resistant to electric shocks. (rElec)
You are resistant to unholy torment.
You are immune to petrification.


Message History

Duvessa says, "My weaknesses are his strengths!"
There is an open door here.
You start waiting.
Duvessa is nearby!
You hit Duvessa.
Duvessa is lightly wounded.
Duvessa hits you with a +4 short sword.
You closely miss Duvessa.
Duvessa is lightly wounded.
Duvessa hits you with a +4 short sword.
You closely miss Duvessa.
Duvessa is lightly wounded.
Duvessa hits you with a +4 short sword.
You hit Duvessa.
Duvessa is moderately wounded.
Duvessa hits you but does no damage.
You closely miss Duvessa.
Duvessa is moderately wounded.
Duvessa closely misses you.
You barely miss Duvessa.
Duvessa is moderately wounded.
Duvessa hits you with a +4 short sword. Duvessa hits you with a +4 short sword!
You are too injured to fight recklessly!
You are too injured to fight recklessly!
You feel very mighty all of a sudden. Duvessa misses you.
You hit Duvessa.
Duvessa is moderately wounded.
Duvessa barely misses you.
You completely miss Duvessa.
Duvessa is moderately wounded.
Duvessa hits you with a +4 short sword.
You closely miss Duvessa.
Duvessa is moderately wounded.
Dowan shouts!
Duvessa hits you but does no damage.
You barely miss Duvessa.
Duvessa is moderately wounded.
Duvessa hits you with a +4 short sword!
You die...

.......#.......#..........'......
.......#.......#.........##....##
.......#.......'.........##+#####
.......#.......#...............##
.......#.....>.###.##....##.....'
.......#.........#+##e...##.....#
.......#.........#..............#
.......#.........#.......##....##
.......#........@#.......########
.......#.........e........#
.......#.........#........#
.......#.........#........#
########.........##########
###########


You could see Duvessa.

Vanquished Creatures
  A necrophage (D:4)
  A scorpion (D:4)
  An orc priest (D:4)
  A hound (D:3)
  An orc wizard (D:4)
  A killer bee zombie (D:4)
  A hound skeleton (D:4)
  8 adders
  A gnoll (D:2)
  A worm (D:3)
  5 orcs (D:3)
  4 bats
  7 endoplasms
  4 giant cockroaches
  3 goblins
  5 hobgoblins
  4 quokkas
  14 ball pythons
  A frilled lizard (D:1)
  3 kobolds
  8 rats
75 creatures vanquished.

Notes
Turn   | Place    | Note
-------+----------+-------------------------------------------
     0 | D:1      | danielguo94 the Gargoyle Fighter began the quest for the
                  | Orb.
     0 | D:1      | Reached XP level 1. HP: 14/14 MP: 1/1
   381 | D:1      | Reached XP level 2. HP: 18/19 MP: 2/2
  1127 | D:2      | Reached XP level 3. HP: 23/23 MP: 3/3
  1348 | D:2      | Reached skill level 3 in Maces & Flails
  1390 | D:2      | Reached XP level 4. HP: 26/28 MP: 4/4
  1396 | D:2      | Found Ushruck's General Store.
  1444 | D:2      | Bought a scroll of silence for 82 gold pieces
  1602 | D:2      | Found a faded altar of an unknown god.
  2156 | D:3      | Reached XP level 5. HP: 18/32 MP: 5/5
  2420 | D:3      | Reached skill level 4 in Maces & Flails
  2690 | D:4      | Noticed a necrophage
  2713 | D:4      | Killed a necrophage
  2714 | D:4      | Reached skill level 1 in Dodging
  2714 | D:4      | Reached XP level 6. HP: 27/38 MP: 6/6
  2829 | D:4      | Found a white marble altar of Elyvilon.
  3019 | D:4      | Found a runed translucent door.
  3020 | D:4      | Noticed Crazy Yiuf
  3204 | D:4      | Reached skill level 5 in Maces & Flails
  3514 | D:4      | Noticed Duvessa
  3529 | D:4      | Noticed Dowan
  3837 | D:4      | Slain by Duvessa

Illustrated notes

Levels and vault maps discovered:
D:1:      matt_arrival_los_fun, layout_loops_ring
D:2:      layout_loops_cross, serial_shops, nicolae_shop_waterfront,
          shapermc_ecumenical_altar_totnotflames
D:3:      layout_loops_ring, minmay_fractal_squares_5
D:4:      layout_gridville, mainiacjoe_overflow_cross_hatched, uniq_duvessa,
          uniq_crazy_yiuf_cottage

Skill      XL: |  1  2  3  4  5  6 |
---------------+-------------------+-----
Maces & Flails | 3 4 5 |  5.6
Fighting       | 4 |  4.1
Dodging        | 1 |  1.3
Armour         | 4 |  4.1
Shields        | |  3.9

Action                   |  1- 3 |  4- 6 || total
-------------------------+-------+-------++-------
Melee: Flail             |    96 |   200 ||   296
  Use: Potion            |       |     1 ||     1
Armor: Scale mail        |    86 |   128 ||   214
Dodge: Dodged            |    55 |   127 ||   182
Block: Buckler           |    24 |    43 ||    67
